Map: Frozen Temple

Players

Voodoochilli

  • Race: Terran Terran
  • League: Platinum

dragon - Winner!

  • Race: Terran Terran
  • League: Diamond

VOD

Have the link to the VOD?

Description

Time

  • Played on: Aug. 6, 2016, 2:36 p.m.
  • Length: 25:09
Show
View Real Time Build Order
Export as new Build Order

Voodoochilli Terran 

Build Orders: MMM Bio 

Get SALT Encoding   

  12  0:01  SCV  
  13  0:14  SCV  
  13  0:19  Supply Depot  
  14  0:26  SCV  
  15  0:30  Refinery  
  15  0:40  SCV  
  16  0:46  Barracks  
  16  0:54  SCV  
  17  1:05  Barracks  
  17  1:07  SCV  
  18  1:19  SCV  
  19  1:26  Refinery  
  20  1:35  Orbital Command  
  20  1:39  Reaper  
  20  1:48  Supply Depot  
  20  1:55  Reaper  
  21  2:02  SCV  
  21  2:15  Factory  
  21  2:19  SCV  
  22  2:23  Reaper  
  23  2:31  SCV  
  24  2:37  Supply Depot  
  24  2:38  Reaper  
  24  2:46  SCV  
  25  2:59  SCV  
  25  3:00  Hellion  
  28  3:12  SCV  
  29  3:19  Command Center  
  29  3:22  Hellion  
  31  3:30  Starport, SCV  
  32  3:39  Reaper  
  32  3:40  Reaper  
  34  3:42  SCV  
  32  4:03  SCV  
  33  4:13  Starport Tech Lab  
  33  4:14  Hellion  
  33  4:15  SCV  
  36  4:27  SCV  
  34  4:39  SCV  
  34  4:44  Orbital Command  
  34  4:45  Banshee  
  34  4:46  Factory Reactor  
  34  4:47  Cloaking Field  
  34  4:52  SCV  
  38  4:54  Barracks Tech Lab  
  38  5:01  Barracks Reactor, Engineering Bay  
  38  5:04  SCV  
  39  5:10  Supply Depot  
  39  5:11  Barracks x2  
  39  5:12  SCV  
  40  5:18  SCV  
  41  5:21  Marine  
  41  5:23  Stimpack  
  41  5:24  SCV  
  43  5:30  SCV  
  43  5:36  SCV  
  43  5:50  Marine  
  43  5:52  Hellion x2  
  43  5:55  SCV  
  43  5:57  Missile Turret  
  49  5:58  Supply Depot, Bunker  
  49  5:59  Supply Depot, Missile Turret  
  49  6:03  Barracks Reactor x2  
  49  6:04  Command Center  
  49  6:08  SCV  
  50  6:13  Hellion x2  
  50  6:14  Marine x2  
  50  6:15  Marine  
  57  6:21  Banshee  
  60  6:30  SCV  
  60  6:32  Marine x2, SCV  
  62  6:33  Marine  
  62  6:34  Missile Turret  
  62  6:38  Hellion  
  67  6:42  Supply Depot  
  67  6:44  SCV  
  68  6:48  SCV  
  68  6:50  Marine, Missile Turret  
  68  6:52  Marine x4  
  68  6:53  Marine  
  75  6:56  Hellion  
  75  6:59  SCV  
  78  7:05  SCV  
  69  7:42  Hellion x2  
  70  7:47  Marine, Banshee  
  70  7:48  Marine x3  
  77  7:54  Refinery  
  77  7:57  Supply Depot  
  77  7:58  Supply Depot, SCV  
  78  8:03  Hellion  
  78  8:04  Supply Depot  
  78  8:05  SCV  
  80  8:11  SCV x2  
  82  8:21  Marine x2  
  84  8:29  SCV x2  
  84  8:30  Banshee  
  89  8:44  Marine  
  89  8:45  Marine x2  
  80  9:09  Orbital Command  
  69  9:21  Marine x2  
  69  9:22  Combat Shields  
  69  9:23  Marine x5  
  76  9:26  SCV  
  76  9:29  SCV  
  78  9:36  Missile Turret  
  78  9:38  SCV  
  78  9:39  Marine x2, Terran Infantry Weapons Level 1  
  78  9:41  Marine x2, SCV  
  78  9:42  Barracks, Marauder  
  78  9:43  Armory, Barracks, SCV  
  78  9:44  Engineering Bay  
  87  9:47  Marine x2  
  87  9:50  SCV  
  90  9:53  SCV  
  90  9:54  Command Center  
  90  9:55  Supply Depot, SCV  
  90  9:56  Missile Turret, Siege Tank  
  90  9:57  Marine x2  
  90  9:58  Marine x2  
  99  10:03  Marauder, SCV  
  99  10:06  Factory, Marine x2  
  104  10:08  Medivac x2  
  104  10:09  SCV x2  
  104  10:11  Refinery  
  104  10:13  Refinery  
  110  10:15  Marine x2, SCV  
  110  10:18  Marine x2  
  115  10:21  SCV x2  
  115  10:24  Marine x2, Marauder  
  118  10:32  Marine x2  
  118  10:35  Siege Tank  
  120  10:36  SCV  
  121  10:43  Viking x2  
  121  10:45  Terran Infantry Armor Level 1  
  121  10:46  Marauder  
  121  10:49  Marine x5  
  131  10:51  Concussive Shells  
  131  10:53  Barracks Reactor x2  
  131  10:54  Missile Turret  
  131  10:56  SCV, Terran Vehicle Weapons Level 1  
  133  11:02  SCV x2  
  135  11:04  Marine  
  135  11:05  Supply Depot  
  135  11:06  Supply Depot  
  135  11:07  Marauder  
  135  11:08  Marine x4, SCV  
  135  11:09  Marine  
  135  11:11  Siege Tank  
  147  11:13  Viking  
  147  11:14  SCV x2  
  147  11:15  SCV  
  147  11:16  Factory Tech Lab  
  152  11:19  Command Center  
  152  11:20  SCV  
  152  11:22  Marine  
  154  11:26  Marine x4  
  154  11:27  Marine, Planetary Fortress  
  154  11:29  Marauder  
  154  11:30  Marine  
  154  11:31  SCV  
  163  11:34  Marine x3  
  166  11:40  Marine  
  166  11:43  Marine x2  
  166  11:44  Barracks, Marine, Viking  
  172  11:48  Barracks  
  172  11:49  Barracks  
  172  11:50  Supply Depot  
  172  11:55  Siege Tank, Viking  
  172  11:56  Marauder  
  172  11:58  Terran Infantry Weapons Level 2  
  179  12:06  Marine  
  180  12:12  Marine  
  180  12:13  SCV  
  180  12:14  SCV  
  183  12:17  Marauder  
  183  12:19  Marine  
  183  12:20  Marine x2  
  188  12:25  Sensor Tower  
  188  12:26  Marine, Missile Turret x2  
  188  12:27  Refinery x2  
  188  12:29  Missile Turret  
  188  12:31  SCV x3, Viking  
  188  12:37  Marine x2  
  193  12:38  Marauder  
  193  12:39  Siege Tank  
  200  12:46  Barracks Reactor  
  200  12:47  Barracks Reactor  
  200  12:52  Terran Infantry Armor Level 2  
  200  13:05  Barracks Reactor  
  200  13:10  Planetary Fortress  
  200  13:27  Missile Turret  
  200  13:29  Missile Turret  
  166  13:53  Marine  
  166  13:54  Marauder, Marine x2  
  166  13:57  Marine  
  166  13:58  Marine x2  
  166  13:59  Marine  
  166  14:00  Siege Tank x2  
  171  14:09  Liberator x2  
  153  14:15  Marauder  
  119  14:19  Marine x3  
  119  14:22  Marine x6  
  119  14:23  Marine x2  
  119  14:24  Marine x2  
  126  14:29  SCV x4  
  138  14:32  Siege Tank  
  138  14:33  Marine x2  
  138  14:36  Marauder, Siege Tank  
  148  14:40  Marine  
  148  14:41  SCV  
  148  14:43  Marine  
  151  14:46  Marine  
  151  14:49  Barracks, Marine  
  151  14:50  Barracks  
  151  14:51  Barracks x2  
  151  14:55  Marine x3  
  151  14:56  Terran Infantry Weapons Level 3  
  151  14:58  Marauder  
  156  15:04  Siege Tank  
  156  15:05  Marine  
  160  15:11  Marine  
  161  15:17  Siege Tank  
  161  15:19  Marine x2, Marauder  
  161  15:20  Marine  
  161  15:21  Marine x3  
  170  15:27  Marine  
  173  15:30  Marine x2  
  173  15:31  Marine  
  173  15:33  Viking x2  
  173  15:35  SCV  
  181  15:36  Terran Infantry Armor Level 3, Siege Tank  
  181  15:41  Marauder  
  186  15:47  Marine x2  
  188  15:50  Siege Tank  
  188  15:53  Terran Vehicle Weapons Level 2  
  188  15:55  Marine x2  
  193  16:02  Marauder  
  195  16:06  Marine  
  195  16:08  Siege Tank  
  199  16:11  Marine  
  200  16:27  Barracks Tech Lab x4  
  200  16:34  Armory  
  200  16:38  Fusion Core  
  200  16:44  Starport  
  200  16:45  Starport x2  
  200  16:46  Starport  
  200  16:53  Starport  
  194  17:03  Marine x2  
  194  17:04  Marauder  
  194  17:05  Marine, Marauder  
  197  17:20  Marine  
  195  17:42  Starport Tech Lab  
  195  17:56  Weapon Refit  
  195  18:02  Command Center  
  195  18:04  Refinery x2  
  195  18:07  Marine x2, Marauder  
  195  18:09  Terran Ship Weapons Level 1  
  199  18:29  Refinery  
  199  18:33  Orbital Command, Refinery  
  199  19:02  Starport  
  196  19:07  Starport  
  196  19:09  Starport  
  196  19:12  Starport  
  196  19:29  Refinery  
  196  19:31  Marine, Marauder, Refinery  
  185  19:57  Marine x2  
  185  19:58  Marauder  
  185  19:59  Battlecruiser  
  173  20:12  Battlecruiser  
  173  20:13  Battlecruiser  
  177  20:20  Starport Tech Lab  
  177  20:21  Starport Tech Lab x2  
  177  20:22  Starport Tech Lab  
  177  20:23  Battlecruiser  
  170  20:38  Medivac  
  170  20:41  Battlecruiser  
  165  20:47  Medivac  
  115  21:03  Battlecruiser  
  112  21:17  Battlecruiser x2  
  109  21:32  Medivac  
  103  21:33  Medivac  
  103  21:35  Viking  
  98  21:45  Viking  
  97  21:58  Orbital Command  
  97  22:02  Viking  
  97  22:03  Viking  
  101  22:18  Battlecruiser  
  103  22:48  Battlecruiser  
  109  23:01  Medivac  
  104  23:59  Marine x14  
  104  24:00  Marine  
  107  24:16  Marine  
  125  24:17  Marine x6  
  125  24:22  Marine x2  
  114  24:42  Marine, Marauder  
  114  24:45  Marine  
  117  24:46  Marine x11  
Show
View Real Time Build Order
Export as new Build Order

dragon Terran - Winner!

Build Orders: Reaper Expand 

Get SALT Encoding   

  12  0:00  SCV  
  13  0:12  SCV  
  14  0:18  Supply Depot  
  14  0:24  SCV  
  15  0:40  SCV  
  15  0:42  Barracks  
  16  0:45  Refinery  
  16  0:52  SCV  
  18  1:04  SCV  
  18  1:16  SCV  
  19  1:28  Orbital Command  
  19  1:29  Supply Depot, Reaper  
  20  1:48  Command Center  
  20  1:54  SCV  
  21  2:01  Marine  
  22  2:10  SCV  
  23  2:16  Factory  
  23  2:20  Marine  
  23  2:22  SCV  
  25  2:31  Refinery  
  25  2:34  SCV  
  26  2:42  Marine  
  27  2:46  SCV  
  29  2:58  SCV  
  29  3:00  Marine  
  29  3:01  Factory Tech Lab  
  29  3:04  Factory  
  29  3:07  SCV  
  29  3:09  Barracks  
  29  3:10  SCV  
  31  3:17  Marine  
  33  3:20  Supply Depot  
  33  3:22  Siege Tank  
  36  3:30  SCV x2  
  37  3:35  Marine, Refinery  
  38  3:42  SCV  
  38  3:44  Starport  
  38  3:46  SCV  
  40  3:53  Widow Mine  
  40  3:54  SCV  
  41  4:05  Marine x2  
  41  4:06  Siege Tank  
  46  4:16  Orbital Command  
  46  4:23  Marine x2  
  48  4:47  SCV  
  49  4:57  Command Center  
  48  5:19  Marine x2  
  50  5:23  Command Center  
  50  5:27  Barracks x2, Siege Tank  
  52  5:37  Marine  
  52  5:52  Marine  
  52  5:54  Factory Tech Lab  
  52  5:55  Marine  
  54  6:05  Starport  
  54  6:06  Supply Depot  
  54  6:22  Supply Depot  
  54  6:23  Supply Depot  
  54  6:24  Supply Depot  
  54  6:27  Medivac, Marine, SCV x2  
  59  6:37  Orbital Command  
  61  6:40  SCV x2  
  61  6:45  Siege Tank x2  
  67  6:49  Medivac  
  67  6:51  Barracks Tech Lab  
  67  6:52  SCV x2  
  71  6:56  Barracks Tech Lab  
  71  7:00  Barracks Reactor  
  71  7:04  Barracks Reactor, SCV  
  72  7:30  Engineering Bay  
  66  8:00  Missile Turret  
  66  8:01  Missile Turret  
  66  8:02  Missile Turret  
  66  8:09  Missile Turret  
  66  8:11  Orbital Command  
  66  8:13  Missile Turret x2  
  66  8:17  Missile Turret  
  65  8:21  Medivac  
  65  8:22  Medivac, Marine x4  
  65  8:23  Marine  
  74  8:32  Stimpack  
  71  8:39  Missile Turret  
  70  8:47  SCV x3  
  70  9:09  Marine x2  
  75  9:10  Marauder x2  
  75  9:21  SCV  
  75  9:22  SCV x2  
  78  9:31  Marauder, Terran Infantry Weapons Level 1, Engineering Bay  
  80  9:33  SCV  
  80  9:34  SCV x2  
  80  9:35  Armory  
  80  9:38  Armory  
  83  9:39  Missile Turret x2  
  83  9:46  SCV x3  
  83  9:47  Siege Tank  
  83  9:48  Siege Tank  
  83  9:49  Marine  
  83  9:50  Marauder  
  95  10:05  Sensor Tower  
  95  10:08  Sensor Tower  
  95  10:12  Marine x3  
  95  10:13  Marine  
  99  10:16  Command Center  
  96  10:24  Missile Turret  
  96  10:28  Missile Turret  
  96  10:37  Missile Turret  
  96  10:38  SCV x3  
  96  10:39  Refinery  
  96  10:41  Refinery  
  99  10:45  Supply Depot  
  99  10:50  Supply Depot, SCV x2  
  99  10:52  Marine x2, SCV  
  104  10:59  Liberator  
  104  11:02  SCV x2  
  106  11:04  SCV  
  106  11:05  Missile Turret  
  106  11:06  Missile Turret  
  106  11:08  Marine  
  108  11:11  Missile Turret  
  108  11:14  Liberator  
  108  11:16  Missile Turret  
  111  11:32  Marine x2  
  114  11:33  Marine x2  
  114  11:34  Marauder x2  
  114  11:37  Planetary Fortress  
  122  11:41  SCV x2  
  122  11:43  SCV  
  125  11:53  SCV  
  126  11:55  Supply Depot  
  126  11:56  Terran Infantry Weapons Level 2  
  126  11:57  Supply Depot  
  126  11:58  Terran Infantry Armor Level 1  
  126  12:14  Refinery  
  126  12:17  Refinery  
  126  12:23  Starport Reactor  
  126  12:27  Siege Tank x2  
  126  12:29  Marine x2  
  133  12:30  Marine, Marauder x2, Starport Reactor  
  133  12:33  Command Center  
  139  12:47  SCV x3  
  139  12:48  SCV  
  139  12:49  Marine x3  
  146  12:51  Marauder  
  146  12:57  Barracks  
  148  12:59  SCV  
  148  13:01  Barracks  
  148  13:04  Sensor Tower  
  148  13:08  Sensor Tower  
  110  13:50  Marine x4, Marauder  
  110  13:51  Marauder  
  116  14:12  Marauder x2  
  100  14:18  Marine x4  
  100  14:23  Barracks  
  101  14:24  Barracks x3  
  101  14:26  Barracks Reactor  
  101  14:28  Barracks Reactor  
  101  14:32  Marine  
  101  14:33  Marine  
  101  14:35  SCV x3  
  101  14:36  Marine x3, SCV  
  124  14:38  Viking x3  
  110  14:39  Viking  
  110  14:41  Terran Vehicle And Ship Armor Level 1, Terran Ship Weapons Level 1  
  110  14:42  Terran Infantry Armor Level 2, Terran Infantry Weapons Level 3  
  118  14:57  Starport  
  118  15:03  SCV x2  
  118  15:04  SCV x2  
  118  15:05  Refinery  
  122  15:07  Planetary Fortress  
  122  15:08  Medivac, Viking  
  126  15:15  SCV  
  127  15:37  Viking x3  
  127  15:39  SCV x3  
  136  15:49  SCV, Refinery  
  137  15:55  Armory  
  137  16:02  Siege Tank x2  
  143  16:04  Viking  
  143  16:08  Marine x4  
  149  16:14  Command Center  
  149  16:18  Marine x3  
  148  16:19  Marine x6  
  148  16:23  Medivac x2  
  161  16:26  Marine, Marauder  
  161  16:27  Marauder  
  166  16:37  Missile Turret x2  
  166  16:39  Missile Turret  
  166  16:40  Missile Turret  
  166  16:46  Siege Tank  
  169  16:48  Marauder  
  170  16:57  Siege Tank  
  165  17:18  Siege Tank  
  165  17:20  SCV  
  165  17:21  SCV x4  
  165  17:32  SCV  
  165  17:33  SCV x4  
  170  17:42  Marine  
  170  17:43  Barracks Tech Lab x2  
  170  17:44  Marine  
  171  17:46  Command Center  
  171  17:48  Supply Depot, SCV  
  171  17:50  Supply Depot  
  171  17:51  Supply Depot  
  171  17:52  Supply Depot  
  171  17:54  Supply Depot  
  171  18:10  Marine x4, Marauder x2  
  171  18:11  Terran Infantry Armor Level 3, Marauder x2  
  171  18:12  Terran Vehicle And Ship Armor Level 2, Terran Vehicle Weapons Level 1  
  183  18:14  Terran Ship Weapons Level 2  
  183  18:20  Marine x2  
  183  18:22  Medivac x2, Viking x3  
  183  18:25  Barracks Tech Lab  
  195  18:33  Marauder  
  195  18:51  Sensor Tower  
  195  18:52  Viking  
  194  19:01  Planetary Fortress  
  194  19:08  Medivac x2, Viking  
  199  19:14  Command Center  
  199  19:18  Marine  
  190  20:03  Command Center  
  177  20:12  Marine  
  169  20:32  Orbital Command  
  134  20:47  Marine  
  134  20:48  Marine x3  
  114  21:05  Marine x2  
  114  21:06  Marine x2  
  116  21:23  Marine  
  114  21:26  Marine x6  
  109  21:41  Marine  
  109  21:43  Marine  
  109  21:44  Marine x5  
  109  21:46  Factory Tech Lab  
  109  21:47  Factory Tech Lab  
  108  21:49  SCV x3  
  107  21:59  Marine  
  107  22:01  Marine x3  
  107  22:02  Marine x3  
  107  22:03  Refinery, Starport Reactor  
  107  22:04  Starport Reactor  
  107  22:05  Refinery  
  113  22:09  Command Center  
  113  22:17  Marine  
  113  22:19  Marine x2  
  116  22:23  Command Center  
  116  22:24  Marine  
  116  22:25  Marine x2  
  116  22:29  Terran Vehicle Weapons Level 2  
  119  22:30  Terran Ship Weapons Level 3, Terran Vehicle And Ship Armor Level 3  
  114  22:39  Viking x2  
  114  22:40  Viking x2  
  122  22:44  Marine x3  
  122  22:45  Marine x4  
  122  22:59  SCV x3  
  122  23:00  Planetary Fortress  
  122  23:02  Marine x4  
  122  23:03  Marine x3, Planetary Fortress  
  131  23:09  Viking x2  
  131  23:10  Viking x2  
  131  23:11  SCV  
  137  23:20  Marine x4  
  137  23:23  Marine  
  137  23:24  Marine  
  142  23:33  SCV  
  142  23:34  SCV x2  
  145  23:38  Marine  
  145  23:39  Viking x2  
  150  23:46  SCV x3  
  149  23:56  SCV  
  149  23:58  SCV x2  
  149  24:00  SCV  
  150  24:06  Command Center  
  150  24:08  SCV  
  146  24:10  SCV  
  146  24:12  SCV  
  147  24:20  SCV  
  147  24:21  Viking x2  
  147  24:22  SCV, Viking x2  
  153  24:24  SCV  
  153  24:26  Marine  
  153  24:27  Marine x3  
  158  24:32  SCV  
  158  24:34  Marine x2, SCV  
  158  24:36  SCV  
  162  24:44  Marine x2, SCV  
  165  24:48  SCV  
Tags
 
Composition
MMM Bio
Matchup
TvT
Race
Terran
Add a new tag
Caveats
  • Supply blocks, unpowered buildings, or Contaminate may cause inaccurate times.
  • Supply counts are checked every 10 seconds.